 Dungeon Crawl Stone Soup version 0.18.1-6-gd335043 (webtiles) character file.

74 MenacingMecha the Covert (level 4, 0/22 HPs)
             Began as a Spriggan Assassin on May 19, 2016.
             Slain by an adder (4 damage)
             ... on level 3 of the Dungeon.
             The game lasted 00:08:54 (1854 turns).

MenacingMecha the Covert (Spriggan Assassin)        Turns: 1854, Time: 00:08:54

Health: 0/22       AC:  3    Str:  8    XL:     4   Next: 9%
Magic:  5/5        EV: 22    Int: 12    God:
Gold:   111        SH:  0    Dex: 22    Spells: 0 memorised, 3 levels left

rFire  . . .     SeeInvis +     l - +0 short sword (speed)
rCold  . . .     Gourm    .     c - +0 robe
rNeg   . . .     Faith    .     (shield restricted)
rPois  .         Spirit   .     (helmet restricted)
rElec  .         Dismiss  .     d - +0 cloak
rCorr  .         Reflect  .     (gloves unavailable)
SustAt .         Harm     .     (boots unavailable)
MR     .....                    (no amulet)
Stlth  +++.......               (no ring)
                                (no ring)

@: agile, very quick, not resistant to hostile enchantments, fairly stealthy
A: unfitting armour, see invisible, herbivore 3, speed 3, slow metabolism 2
a: no special abilities


You were on level 3 of the Dungeon.
You were not hungry.

You visited 1 branch of the dungeon, and saw 3 of its levels.

You collected 111 gold pieces.

Inventory:

Hand Weapons
 a - a +2 dagger
 b - a +0 blowgun
 l - a +0 short sword of speed (weapon)
   (You took it off an orc on level 3 of the Dungeon)
Missiles
 e - 3 poisoned needles
Armour
 c - a +0 robe (worn)
 d - a +0 cloak (worn)
Scrolls
 h - 4 scrolls of identify {unknown}
 j - 5 scrolls of recharging {unknown}
Potions
 i - a potion of agility
Comestibles
 g - a bread ration


   Skills:
 - Level 1.5 Fighting
 + Level 2.8 Short Blades
 - Level 2.0 Throwing
 - Level 1.5 Dodging
 - Level 8.1 Stealth


You had 3 spell levels left.
You didn't know any spells.

Dungeon Overview and Level Annotations

Branches:
Dungeon (3/15)

Altars:

Portals:
Sewer: D:3

Annotations:
D:1 incomplete
D:2 incomplete
D:3 exclusion: Sigmund, Sigmund


Innate Abilities, Weirdness & Mutations

You are tiny and cannot use many weapons and most armour.
You have supernaturally acute eyesight.
You are a herbivore.
You cover ground extremely quickly.
You need consume almost no food.


Message History

The adder bites you.
* * * LOW HITPOINT WARNING * * *
You are lethally poisoned!
The adder poisons you!
Firing (i - inventory. (,) - cycle):
f - a curare-tipped needle (quivered)
Press: ? - help, Shift-Dir - straight line, f/p - adder
Aim: an adder (moderately wounded)
You shoot a curare-tipped needle.
The curare-tipped needle closely misses the adder.
You hear a splash.
* * * LOW HITPOINT WARNING * * *
You feel sick. The adder completely misses you.
Firing (i - inventory):
e - 6 poisoned needles (quivered)
Press: ? - help, Shift-Dir - straight line, f/p - adder
Aim: an adder (lightly wounded)
You shoot a poisoned needle. The poisoned needle misses the adder.
You hear a splash.
* * * LOW HITPOINT WARNING * * *
You feel sick. The adder closely misses you.
Drink which item? (? for menu, Esc to quit)
You can't drink that!
Drink which item? (? for menu, Esc to quit)
It was a potion of agility.
You feel agile all of a sudden. The adder misses you. The adder bites you.
* * * LOW HITPOINT WARNING * * *
Drink which item? (? for menu, Esc to quit)
It was a potion of curing.
You feel better. The adder misses you.
Firing (i - inventory):
e - 5 poisoned needles (quivered)
Press: ? - help, Shift-Dir - straight line, f/p - adder
Aim: an adder (lightly wounded)
You shoot a poisoned needle. The poisoned needle hits the adder.
The adder is lightly wounded.
You hear a splash.
The adder completely misses you.
Firing (i - inventory):
e - 4 poisoned needles (quivered)
Press: ? - help, Shift-Dir - straight line, f/p - adder
Aim: an adder (lightly wounded)
You shoot a poisoned needle. The poisoned needle misses the adder.
You hear a splash.
The adder barely misses you.
Wield which item (- for none, * to show all)? (? for menu, Esc to quit)
Your hands tingle!
l - a +0 short sword of speed (weapon)
The adder completely misses you.
You hit the adder but do no damage.
The adder is lightly wounded.
The adder closely misses you.
Your unstable footing causes you to fumble your attack.
The adder barely misses you.
You hit the adder but do no damage.
The adder is lightly wounded.
Your unstable footing causes you to fumble your attack.
The adder completely misses you.
You hit the adder but do no damage.
The adder is lightly wounded.
The adder completely misses you.
Your unstable footing causes you to fumble your attack.
The adder completely misses you.
Your unstable footing causes you to fumble your attack.
The adder bites you.
You hit the adder.
The adder is moderately wounded.
You hear the brisk rusting of a drain.
The adder misses you.
Your unstable footing causes you to fumble your attack.
Your unstable footing causes you to fumble your attack.
The adder completely misses you.
You barely miss the adder.
The adder is moderately wounded.
The adder closely misses you.
Your unstable footing causes you to fumble your attack.
The adder misses you.
You miss the adder.
The adder is moderately wounded.
The adder bites you.
* * * LOW HITPOINT WARNING * * *
You hit the adder.
The adder is heavily wounded.
The adder closely misses you.
You barely miss the adder.
The adder is heavily wounded.
You barely miss the adder.
The adder is heavily wounded.
The adder misses you.
Your unstable footing causes you to fumble your attack.
The adder bites you but does no damage.
You hit the adder but do no damage.
The adder is heavily wounded.
The adder bites you but does no damage.
Your unstable footing causes you to fumble your attack.
The adder barely misses you.
You barely miss the adder.
The adder is heavily wounded.
The adder bites you.
* * * LOW HITPOINT WARNING * * *
You hit the adder.
The adder is heavily wounded.
The adder bites you.
You die...

#.# ###.###.# #.# #.#
#.# #.# #.# #.#
######.#### #.# #.#
..........# #.# #.#
#####..#.# ### #.#
#.##≈######≈###.#
#.#≈†≈#≈≈S≈≈≈##.#
#.#≈≈†#≈≈#@≈≈##.#
####.##≈##s≈##≈###.#
#.....#≈#≈≈≈≈#≈# #.#
#####.#.###≈#≈≈∩≈#≈# #[#
......#.###≈##≈≈##≈###.#
######..##≈≈≈####≈≈≈##.#
##.###≈≈≈≈≈≈≈≈≈≈##.#
#..# ##≈######≈###.#
#.## ### ### #.#


You could see an adder.

Vanquished Creatures
  2 adders (D:2)
  An ooze (D:2)
  A worm (D:2)
  3 dart slugs
  3 giant geckos (D:3)
  An orc (D:3)
  2 bats (D:2)
  3 giant cockroaches
  6 hobgoblins
  3 jackals (D:3)
  A kobold (D:1)
  A quokka (D:3)
  2 giant newts
  3 goblins
  4 rats
36 creatures vanquished.

Notes
Turn   | Place    | Note
--------------------------------------------------------------
     0 | D:1      | MenacingMecha the Spriggan Assassin began the quest for the Orb.
     0 | D:1      | Reached XP level 1. HP: 10/10 MP: 2/2
    47 | D:1      | Reached skill level 6 in Stealth
   334 | D:1      | Reached XP level 2. HP: 14/14 MP: 3/3
   425 | D:2      | Reached skill level 7 in Stealth
   647 | D:2      | Reached XP level 3. HP: 14/18 MP: 4/4
   989 | D:2      | Found a faded altar to an unknown god.
   997 | D:2      | Reached skill level 8 in Stealth
  1392 | D:3      | Noticed Sigmund
  1704 | D:3      | Reached XP level 4. HP: 20/22 MP: 5/5
  1787 | D:3      | Found a glowing drain.
  1826 | D:3      | HP: 5/22 [adder (4)]
  1829 | D:3      | HP: 2/22 [adder (1)]
  1846 | D:3      | HP: 5/22 [adder (4)]
  1853 | D:3      | HP: 4/22 [adder (1)]
  1854 | D:3      | Slain by an adder

Skill      XL: |  1  2  3 |
---------------+----------+-----
Stealth        | 6 7 8 |  8.1
Fighting       | |  1.5
Short Blades   | |  2.8
Throwing       | |  2.0
Dodging        | |  1.5

Action                   |  1- 3 |  4- 6 || total
-------------------------+-------+-------++-------
Melee: Dagger            |   102 |    18 ||   120
       Short sword       |       |    51 ||    51
 Fire: Blowgun           |    21 |     5 ||    26
  Use: Potion            |       |     2 ||     2
 Stab: Sleeping          |     8 |       ||     8
Armor: Robe              |     7 |     9 ||    16
Dodge: Dodged            |    62 |    54 ||   116

Vault maps used:
D:1:      dpeg_arrival_more_subterranean_lakeside_camping
D:2:      first_bread, ecumenical_altar_1, minmay_misc_feat_secret_circle,
          eino_tiny_chamber
D:3:      grunt_gozag_statues, gup_sewer_entry_bubbles, uniq_sigmund

Table legend:
 A = Turns spent in this place as a percentage of turns spent in the entire game.
 B = Non-inter-level travel turns spent in this place as a percentage of non-inter-level travel turns spent in the entire game.
 C = Inter-level travel turns spent in this place as a percentage of turns spent in this place.
 D = Turns resting spent in this place as a percentage of non-inter-level travel turns spent in this place.
 E = Turns spent auto-exploring this place as a percentage of non-inter-level travel turns spent in this place.
 F = Non-inter-level travel turns spent in this place divided by the number of levels of this place that you've seen.
                   A       B       C       D       E      F
               +-------+-------+-------+-------+-------+----------------------
         Total | 100.0 | 100.0 |   0.4 |   2.7 |   0.0 | 306.3
       Dungeon | 100.0 | 100.0 |   0.4 |   2.7 |   0.0 | 306.3
               +-------+-------+-------+-------+-------+----------------------

Table legend:
 A = Kills in this place as a percentage of kills in entire the game.
 B = Kills by you in this place as a percentage of kills by you in the entire game.
 C = Kills by friends in this place as a percentage of kills by friends in the entire game.
 D = Other kills in this place as a percentage of other kills in the entire game.
 E = Experience gained in this place as a percentage of experience gained in the entire game.
 F = Experience gained in this place divided by the number of levels of this place that you have seen.
                   A       B       C       D       E      F
               +-------+-------+-------+-------+-------+----------------------
         Total | 100.0 | 100.0 |  -nan |  -nan | 100.0 |  35.3
       Dungeon | 100.0 | 100.0 |  -nan |  -nan | 100.0 |  35.3
               +-------+-------+-------+-------+-------+----------------------
